 Dungeon Crawl Stone Soup version 0.27-a0-1196-g3e9cee4cb2 (webtiles) character file.

Game seed: 1110138922341638637

147 Kold the Changer (level 5, 0/33 HPs)
             Began as an Octopode Transmuter on May 28, 2021.
             Slain by an orc
             ... wielding a +0 short sword
              (4 damage)
             ... on level 3 of the Dungeon.
             The game lasted 00:05:12 (3756 turns).

Kold the Changer (Octopode Transmuter)              Turns: 3756, Time: 00:05:14

Health: 0/33       AC:  1    Str:  9    XL:     5   Next: 29%
Magic:  8/8        EV: 13    Int: 17    God:
Gold:   115        SH:  0    Dex: 12    Spells: 4/8 levels left

rFire    . . .     SeeInvis .     - Unarmed
rCold    . . .     Faith    .   (no shield)
rNeg     . . .     Spirit   .   (helmet restricted)
rPois    +         Reflect  .   (no amulet)
rElec    .         Harm     .   b - ring of poison resistance
rCorr    .         Rampage  .   (no ring)
Will     .....                  (no ring)
Stlth    +++.......             (no ring)
HPRegen  0.11/turn              (no ring)
MPRegen  0.11/turn              (no ring)
                                (no ring)
                                (no ring)

@: mighty
A: almost no armour, amphibious, 8 rings, camouflage 1, gelatinous body 1,
(nimble swimmer 1), tentacles
a: no special abilities


You were on level 3 of the Dungeon.
You visited 1 branch of the dungeon, and saw 4 of its levels.

You collected 115 gold pieces.

Inventory:

Jewellery
 b - a ring of poison resistance (left tentacle)
Potions
 a - a potion of magic {unknown}
 c - a potion of degeneration {unknown}
 d - a potion of attraction {unknown}
 f - a potion of curing {unknown}


   Skills:
 - Level 1.0 Fighting
 - Level 2.0 Dodging
 - Level 2.0 Stealth
 - Level 3.2 Unarmed Combat
 - Level 2.0 Spellcasting
 + Level 4.0 Transmutations
 + Level 3.1 Poison Magic


You had 4 spell levels left.
You knew the following spells:

 Your Spells              Type           Power      Damage    Failure   Level
a - Beastly Appendage     Tmut           30%        N/A       3%          1
b - Spider Form           Tmut/Pois      6%         N/A       13%         3

Your spell library contained the following spells:

 Spells                   Type           Power      Damage    Failure   Level
 Wereblood                Tmut           15%        N/A       5%          2
 Ice Form                 Ice/Tmut       8%         N/A       63%         4
 Hydra Form               Tmut           7%         N/A       71%         5


Dungeon Overview and Level Annotations

Branches:
Dungeon (4/15)
 Temple: D:4-7

Altars:
Elyvilon

Shops:
D:3 ?


Innate Abilities, Weirdness & Mutations

You cannot wear most types of armour.
You are amphibious.
You can wear up to eight rings at the same time.
Your skin changes colour to match your surroundings (Stealth+).
Your rubbery body absorbs attacks. (AC +1, EV +1)
((You are camouflaged near water. (Stealth+)))
You have tentacles for arms and can constrict up to eight enemies at once.


Message History

You kill the orc!
The goblin closely misses you.
The orc wizard points at itself and mumbles some strange words.
The orc wizard flickers and vanishes!
Deactivating autopickup; reactivate with Ctrl-A.
You tentacle-slap the goblin.
You kill the goblin!
Something hits you.
Your Transmutations skill increases to level 4!
You miss something. The orc closely misses you.
You tentacle-slap something. Something hits you. The orc barely misses you.
You miss something. Something hits you but does no damage.
The orc barely misses you. The orc completely misses you.
You miss something. You squeeze something. Something hits you.
The orc hits you but does no damage. The orc hits you with a +0 dagger.
You miss something.
You pierce something.
Something hits you. The orc hits you with a +0 dagger.
The orc hits you with a +0 short sword. Something hits you but does no damage.
The orc hits you with a +0 short sword. The orc closely misses you.
You climb upwards.
Reactivating autopickup.
Your tentacle spike disappears.
There is a stone staircase leading down here.
You closely miss the orc. Your grab misses the orc.
Something barely misses you. The orc misses you.
The orc hits you with a +0 dagger.
* * * LOW HITPOINT WARNING * * *
You barely miss the orc. You grab the orc.
You constrict the orc, but do no damage.
Something hits you.
* * * LOW HITPOINT WARNING * * *
Deactivating autopickup; reactivate with Ctrl-A.
The orc barely misses you. x2
It was a potion of might.
You feel very mighty all of a sudden.
You constrict the orc, but do no damage.
Something hits you.
* * * LOW HITPOINT WARNING * * *
The orc hits you with a +0 short sword.
You die...

####........###.#.........[...
#.)....................#######
#.###.#.###.#.###.####.# # #.#
#.#.###.#.# #.# #.# # #.#
#.#.##.>#.# #.# #.# # #.#
#.#.##.##.###.# #.##### # #.#
#.#...........# #.....# # #.#
#.#.....o.....# #####.# # #.#
#.#.<..##@##### #.# # #.#
#.##...##o# #.# # #.#
#.##...##.# #.# # #.#
#.##...##.# #.# #
#.###.##...##.####### #.# #
#.............#.....######.# #
#####.##.###.............#.# #
#.##.# #...............###
#.##.###........####.####.


You could see 2 orcs.

Vanquished Creatures
  An orc wizard (D:3)
  5 adders
  7 dart slugs
  5 orcs
  5 bats
  6 endoplasms
  3 giant cockroaches
  5 goblins
  3 hobgoblins
  6 kobolds
  A quokka (D:3)
  4 ball pythons
  3 frilled lizards
  5 rats
59 creatures vanquished.

Notes
Turn   | Place    | Note
-------+----------+-------------------------------------------
     0 | D:1      | Kold the Octopode Transmuter began the quest for the Orb.
     0 | D:1      | Reached XP level 1. HP: 13/13 MP: 3/3
   266 | D:1      | Reached skill level 1 in Stealth
   272 | D:1      | Reached XP level 2. HP: 12/18 MP: 5/5
   755 | D:1      | Reached XP level 3. HP: 23/23 MP: 4/6
   775 | D:1      | Learned a level 3 spell: Spider Form
  1181 | D:2      | Reached skill level 3 in Transmutations
  1181 | D:2      | Reached skill level 1 in Poison Magic
  1409 | D:2      | Reached XP level 4. HP: 7/28 MP: 7/7
  2985 | D:3      | Reached XP level 5. HP: 27/33 MP: 8/8
  3106 | D:3      | Found a white marble altar of Elyvilon.
  3439 | D:3      | Found Nevvamex's Magic Scroll Shop.
  3747 | D:4      | Reached skill level 4 in Transmutations
  3756 | D:3      | Slain by an orc

Illustrated notes

Levels and vault maps discovered:
D:1:      wander_arrival_estate, layout_basic, dk_noncrumbling_4
D:2:      layout_loops_ring, wad_floor_pattern_1
D:3:      layout_loops_ring, lemuel_round_altar, serial_shops,
          nicolae_shop_statue_plus
D:4:      kennysheep_slugbush, layout_cave_pools, lemuel_round_altar,
          serial_shops, shop, gammafunk_ghost_necromancy

Skill      XL: |  1  2  3  4  5 |
---------------+----------------+-----
Stealth        | 1 2 |  2.0
Transmutations | 3 4 |  4.0
Poison Magic   | 1 2 3 |  3.1
Fighting       | |  1.0
Dodging        | |  2.0
Unarmed Combat | |  3.2
Spellcasting   | |  2.0

Action                   |  1- 3 |  4- 6 || total
-------------------------+-------+-------++-------
Melee: Unarmed           |    70 |    84 ||   154
       Constrict         |    16 |    26 ||    42
       Kick              |     8 |    17 ||    25
       Tentacles         |     6 |    20 ||    26
       Punch             |     1 |       ||     1
 Cast: Beastly Appendage |     9 |    16 ||    25
  Use: Scroll            |       |     3 ||     3
       Potion            |       |     1 ||     1
 Stab: Sleeping          |     5 |     8 ||    13
Armor: Skin              |    10 |    14 ||    24
Dodge: Dodged            |    49 |    61 ||   110

Table legend: (Time is in decaauts)
 A = Elapsed time spent in this place.
 B = Non-inter-level travel time spent in this place.
 C = Inter-level travel time spent in this place.
 D = Time resting spent in this place.
 E = Time spent auto-exploring this place.
 F = Levels seen in this place.
 G = Mean time per level.
                   A        B        C        D        E       F      G
               +--------+--------+--------+--------+--------+-----+--------+
         Total |   3755 |   3436 |    319 |    943 |   1910 |   4 |  938.8 |
       Dungeon |   3755 |   3436 |    319 |    943 |   1910 |   4 |  938.8 |
               +--------+--------+--------+--------+--------+-----+--------+

Top non-repeatable levels by time:
     D:2: 1638 daAuts
     D:1: 1294 daAuts
     D:3: 811 daAuts
     D:4: 11 daAuts
